 Dungeon Crawl Stone Soup version 0.32-a0-814-g0968bab981 (webtiles) character file.

Game seed: 15568949650907869839

1600 Fodor the Cruncher (level 8, -1/70 HPs)
             Began as a Minotaur Fighter on Mar 23, 2024.
             Constricted to death by Erica (3 damage)
             ... on level 9 of the Dungeon.
             The game lasted 00:15:46 (5287 turns).

Fodor the Cruncher (Minotaur Fighter)               Turns: 5287, Time: 00:15:47

Health: -1/70      AC: 13    Str: 23    XL:     8   Next: 62%
Magic:  7/7        EV: -3    Int:  5    God:
Gold:   344        SH:  5    Dex: 10    Spells: 7/7 levels left

rFire   . . .        u - +2 quarterstaff (chaos)
rCold   . . .        (shield currently unavailable)
rNeg    . . .        b - +0 plate armour
rPois   +            (helmet restricted)
rElec   .            x - scarf {repulsion}
rCorr   .            (no gloves)
SInv    .            (no boots)
Will    .....        r - amulet of reflection Stlth
                     y - ring of poison resistance
HPRegen 0.31/turn    (no ring)
MPRegen 0.10/turn

%: repel missiles, reflection
@: slowed, constricted, very slow
A: horns 2, retaliatory headbutt
a: no special abilities


You were on level 9 of the Dungeon.
You visited 1 branch of the dungeon, and saw 8 of its levels.

You collected 344 gold pieces.

Inventory:

Hand Weapons
 a - a +1 war axe of electrocution
 u - a +2 quarterstaff of chaos (weapon)
Armour
 b - a +0 plate armour (worn)
 v - a +0 cloak
 x - a scarf of repulsion (worn)
 z - a +0 kite shield of protection
Jewellery
 r - an amulet of reflection (around neck)
 y - a ring of poison resistance (left hand)
Scrolls
 h - a scroll of brand weapon
 l - 3 scrolls of teleportation
 n - 2 scrolls of enchant armour
 o - 3 scrolls of fear
 q - a scroll of revelation
 s - a scroll of immolation
 t - 2 scrolls of poison
 w - a scroll of torment
Potions
 d - 2 potions of might
 e - a potion of degeneration {unknown}
 g - a potion of heal wounds {unknown}
 i - 3 potions of enlightenment {unknown}
 j - 3 potions of curing {unknown}
 k - a potion of lignification {unknown}
 m - a potion of attraction {unknown}


   Skills:
 + Level 6.1 Fighting
 + Level 5.3 Axes
 + Level 8.0 Staves
 + Level 7.6 Armour
 + Level 0.2 Dodging
 + Level 0.7 Stealth
 + Level 4.8 Shields


You had 7 spell levels left.
You didn't know any spells.
Your spell library contained the following spells:

 Spells                   Type           Power      Damage    Failure   Level
 Cause Fear               Hex            0%         N/A       100%        4
 Fireball                 Conj/Fire      0%         3d3       100%        5
 Dragon's Call            Summ           0%         N/A       100%        9


Dungeon Overview and Level Annotations

Branches:
Dungeon (7/15)
 Temple: D:4-7

Altars:
Yredelemnul

Annotations:
D:3 3 runed translucent doors, Xavori's ghost, amateur DjCK
D:9 Erica


Innate Abilities, Weirdness & Mutations

You have a pair of horns on your head.
You reflexively headbutt those who attack you in melee.


Message History

The orc barely misses you.
You miss the orc wizard.
You hear some strange, mumbled words.
You feel yourself slow down.
The orc wizard points at you and mumbles some strange words.
You bump into the stone wall.
Something hits you! Something burns you. Something grabs you.
You are constricted.
The orc hits you but does no damage. Something hits you but does no damage.
You are constricted.
The orc wizard hits you but does no damage.
The orc hits you with a +0 whip.
You closely miss the orc wizard.
You feel less confused.
The orc wizard hits you but does no damage.
Something hits you. Something burns you.
You are constricted.
The orc wizard hits you but does no damage.
The orc hits you but does no damage.
The orc wizard points at you and mumbles some strange words.
You resist with some effort.
You closely miss the orc. Something hits you. Something burns you.
You are constricted.
The orc wizard hits you but does no damage.
You block the orc's attack.
The orc wizard hits you with a +0 dagger.
You barely miss the orc. You headbutt the orc.
The orc is heavily wounded.
Something hits you but does no damage.
You are constricted.
The orc wizard hits you but does no damage.
The orc hits you but does no damage.
The orc wizard hits you with a +0 dagger.
Something hits you!
* * * LOW HITPOINT WARNING * * *
Something burns you.
* * * LOW HITPOINT WARNING * * *
You are constricted.
* * * LOW HITPOINT WARNING * * *
You block the orc's attack.
The orc wizard hits you but does no damage. x2
You hit something. You freeze something. Your headbutt misses something.
Something hits you but does no damage.
You are constricted.
You die...

......... .........
####+##........
+>....#........
#.....#.......#
#.....#.......#
#.....#...<...#
#########.....#@o.....#
#.......+.....o{o.....#
#......##.....#.......#
#......##.....#.......#
#......#......#.......#
#......#......#.......#
#).....#......#...<...+
#......'......#.......#
#########.....#.......


You could see 2 orc wizards and an orc.

Vanquished Creatures
  Duvessa (D:6)
  A sky beast (D:6)
  A black bear (D:5)
  2 ice beasts
  An ogre (D:5)
  A phantom (D:5)
  A gnoll sergeant (D:6)
  Blork the orc (D:5)
  4 scorpions (D:5)
  Crazy Yiuf (D:3)
  3 jellies
  A hound (D:6)
  An orc priest (D:4)
  3 iguanas
  5 orc wizards (D:6)
  10 adders
  6 gnolls
  A shadow imp (D:6)
  2 ribbon worms
  21 orcs
  7 endoplasms
  2 giant cockroaches
  A goblin (D:1)
  6 hobgoblins
  2 quokkas
  4 ball pythons
  2 frilled lizards
  6 kobolds
  5 rats
102 creatures vanquished.

Notes
Turn   | Place    | Note
-------+----------+-------------------------------------------
     0 | D:1      | Fodor the Minotaur Fighter began the quest for the Orb.
     0 | D:1      | Reached XP level 1. HP: 19/19 MP: 0/0
   267 | D:1      | Reached XP level 2. HP: 27/27 MP: 1/1
   717 | D:2      | Reached XP level 3. HP: 16/33 MP: 2/2
   801 | D:2      | Found a faded altar of an unknown god.
  1350 | D:3      | Found a runed translucent gate.
  1350 | D:3      | Noticed a kobold brigand
  1351 | D:3      | Found a runed translucent gate.
  1351 | D:3      | Noticed Xavori's ghost (amateur DjCK)
  1358 | D:3      | Reached XP level 4. HP: 40/40 MP: 3/3
  1587 | D:3      | Found a runed translucent door.
  1588 | D:3      | Noticed Crazy Yiuf
  1731 | D:3      | Found a runed translucent gate.
  1802 | D:3      | Killed Crazy Yiuf
  2072 | D:4      | Reached XP level 5. HP: 45/46 MP: 4/4
  2441 | D:4      | Reached skill level 1 in Staves
  2443 | D:4      | Reached skill level 5 in Armour
  2443 | D:4      | Reached XP level 6. HP: 40/53 MP: 5/5
  2505 | D:4      | Found a basalt altar of Yredelemnul.
  2939 | D:5      | Entered Level 5 of the Dungeon
  2965 | D:5      | Noticed an ice beast
  2973 | D:5      | Killed an ice beast
  2974 | D:5      | Reached skill level 5 in Axes
  2974 | D:5      | Reached skill level 2 in Staves
  3145 | D:5      | Reached skill level 3 in Staves
  3439 | D:5      | Reached XP level 7. HP: 43/60 MP: 6/6
  3496 | D:5      | Noticed Blork the orc
  3505 | D:5      | Killed Blork the orc
  3506 | D:5      | Reached skill level 4 in Staves
  3597 | D:5      | Reached skill level 5 in Fighting
  3670 | D:5      | Reached skill level 5 in Staves
  3815 | D:5      | Reached skill level 6 in Staves
  4428 | D:6      | Reached XP level 8. HP: 68/68 MP: 7/7
  4773 | D:6      | Reached skill level 7 in Staves
  4932 | D:6      | Noticed Duvessa
  4943 | D:6      | Killed Duvessa
  4945 | D:6      | Noticed Dowan
  4958 | D:6      | Dowan changed into Dowan the jelly
  4958 | D:6      | Noticed Dowan
  4959 | D:6      | Killed Dowan the jelly
  5263 | D:7      | Reached skill level 8 in Staves
  5263 | D:7      | You fall into a shaft and drop 2 floors!
  5278 | D:9      | Noticed Erica
  5286 | D:9      | HP: 1/70 [something (4)]
  5287 | D:9      | Constricted to death by Erica

Illustrated notes

Levels and vault maps discovered:
D:1:      mrwooster_arrival_statue, layout_loops_ring
D:2:      layout_rooms, chequers_ecumenical_altar_simple_redux
D:3:      layout_rooms, gammafunk_ghost_nasty_kobolds,
          nicolae_twisty_statue_hallways, uniq_crazy_yiuf_cottage
D:4:      layout_basic, nicolae_overflow_hidden_temple
D:5:      black_bear_nest_2, layout_basic, uniq_blork_the_orc
D:6:      layout_rooms, uniq_duvessa
D:7:      layout_layer_cave, minmay_temple_entry_hall, nicolae_elemental_shop,
          nicolae_hexahallways
D:9:      layout_gridville, serial_shops, shop, serial_park_tiny_1, uniq_erica,
          uniq_maggie

Skill      XL: |  1  2  3  4  5  6  7  8 |
---------------+-------------------------+-----
Axes           | 3 4 5 |  5.3
Armour         | 4 5 6 7 |  7.6
Shields        | 4 |  4.8
Fighting       | 4 5 6 |  6.1
Staves         | 1 3 6 8 |  8.0
Dodging        | |  0.2
Stealth        | |  0.7

Action                     |  1- 3 |  4- 6 |  7- 9 || total
---------------------------+-------+-------+-------++-------
  Melee: War axe           |    89 |    19 |       ||   108
         Headbutt          |    10 |    12 |    25 ||    47
         Quarterstaff      |       |    64 |   114 ||   178
    Use: Scroll            |       |       |    11 ||    11
   Stab: Held in net/web   |       |       |     1 ||     1
         Paralysed         |       |       |     1 ||     1
 Armour: Scale mail        |    79 |       |       ||    79
         Plate armour      |     1 |    92 |   157 ||   250
  Dodge: Dodged            |    32 |    24 |    28 ||    84
         Repelled          |       |       |     3 ||     3
  Block: Buckler           |    19 |     4 |       ||    23
         Other             |       |       |    19 ||    19

Table legend: (Time is in decaauts)
 A = Elapsed time spent in this place.
 B = Non-inter-level travel time spent in this place.
 C = Inter-level travel time spent in this place.
 D = Time resting spent in this place.
 E = Time spent auto-exploring this place.
 F = Levels seen in this place.
 G = Mean time per level.
                   A        B        C        D        E       F      G
               +--------+--------+--------+--------+--------+-----+--------+
         Total |   5339 |   4794 |    545 |     59 |   3493 |   8 |  667.4 |
       Dungeon |   5339 |   4794 |    545 |     59 |   3493 |   8 |  667.4 |
               +--------+--------+--------+--------+--------+-----+--------+

Top non-repeatable levels by time:
     D:5: 1470 daAuts
     D:4: 1059 daAuts
     D:6: 819 daAuts
     D:2: 694 daAuts
     D:1: 674 daAuts
     D:3: 575 daAuts
     D:9: 25 daAuts
     D:7: 19 daAuts
